 Dungeon Crawl Stone Soup version 0.28-a0-1087-gf3fc490d9d (webtiles) character file.

Game seed: 17374673413156296813

271 spaghetti the Slasher (level 6, 0/47 HPs)
             Began as a Mummy Berserker on Dec 11, 2021.
             Was a Priest of Trog.
             Slain by a wyvern zombie (12 damage)
             ... on level 5 of the Dungeon.
             The game lasted 00:09:20 (4192 turns).

spaghetti the Slasher (Mummy Berserker)             Turns: 4192, Time: 00:09:21

Health: 0/47       AC: 10    Str: 22    XL:     6   Next: 2%
Magic:  6/6        EV: 11    Int:  6    God:    Trog [***...]
Gold:   131        SH:  0    Dex: 12    Spells: 5/5 levels left

rFire   x . .      SeeInvis .   a - +0 falchion {long}
rCold   + . .      Faith    .   (no shield)
rNeg    + + +      Spirit   .   d - +2 ring mail {rN+}
rPois   ∞          Reflect  .   k - +0 helmet
rElec   .          Harm     .   n - +0 cloak
rCorr   .          Rampage  .   (no gloves)
Will    .....                   i - +0 pair of boots
Stlth   +.........              (no amulet)
HPRegen 0.15/turn               (no ring)
MPRegen 0.10/turn               (no ring)

@: no status effects
A: cold resistance 1, negative energy resistance 3, torment resistance 2, heat
vulnerability 1, no potions
a: Renounce Religion, Trog's Hand


You were on level 5 of the Dungeon.
You worshipped Trog.
Trog was most pleased with you.
You visited 1 branch of the dungeon, and saw 5 of its levels.

You collected 131 gold pieces.


Innate Abilities, Weirdness & Mutations

You are immune to poison.
Your flesh is cold resistant. (rC+)
You are immune to negative energy. (rN+++)
You are immune to unholy pain and torment.
You are vulnerable to heat. (rF-)
You do not drink.


   Skills:
 - Level 3.0 Fighting
 + Level 4.5 Long Blades
 + Level 3.0 Throwing
 - Level 1.5 Armour
 - Level 1.5 Dodging


You had 5 spell levels left.
You didn't know any spells.
Your spell library contained the following spells:

 Spells                   Type           Power      Damage    Failure   Level
 Foxfire                  Conj/Fire      0%         2x1d4     63%         1
 Freeze                   Ice            0%         1d3       63%         1
 Sandblast                Erth           0%         2d4       63%         1
 Slow                     Hex            0%         N/A       63%         1
 Passwall                 Tmut/Erth      0%         N/A       77%         2
 Confusing Touch          Hex            0%         N/A       94%         3
 Conjure Flame            Conj/Fire      0%         6-21      94%         3
 Frozen Ramparts          Ice            0%         1d2       94%         3
 Inner Flame              Hex/Fire       0%         N/A       94%         3
 Portal Projectile        Hex/Tloc       0%         N/A       94%         3
 Stone Arrow              Conj/Erth      0%         3d7       94%         3
 Vampiric Draining        Necr           0%         2d6       94%         3
 Flame Wave               Conj/Fire      0%         2d4       100%        4
 Hailstorm                Conj/Ice       0%         3d3       100%        4
 Excruciating Wounds      Necr           0%         N/A       100%        5
 Blade Hands              Tmut           Unusable   N/A       N/A         5

Inventory:

Hand Weapons
 a - a +0 falchion (weapon) {long}
 o - a +3 halberd {polearm}
   (You took it off a gnoll on level 3 of the Dungeon)
 q - a +1 mace of protection {mace}
   (You found it on level 3 of the Dungeon)
Missiles
 c - 185 stones (quivered) {throwing}
 h - 5 javelins {throwing}
 j - 4 boomerangs {throwing}
 p - 6 poisoned darts {throwing}
 s - a throwing net {=f!fthrowing}
 t - 9 bolts
Armour
 b - a +0 animal skin
 d - a +2 ring mail of positive energy (worn)
   (You found it on level 3 of the Dungeon)
 i - a +0 pair of boots (worn)
   (You found it on level 1 of the Dungeon)
 k - a +0 helmet (worn)
   (You found it on level 1 of the Dungeon)
 n - a +0 cloak (worn)
   (You found it on level 2 of the Dungeon)
Magical Staves
 m - a staff of poison {forbidden!astaff}
   (You found it on level 2 of the Dungeon)
Scrolls
 e - 2 scrolls of teleportation {unknown}
 f - 2 scrolls of identify {unknown}
 g - a scroll of enchant weapon {unknown}
 l - 2 scrolls of blinking {unknown}
 r - a scroll of summoning {unknown}

Dungeon Overview and Level Annotations

Branches:
Dungeon (5/15)
 Temple: D:4-7

Altars:
Okawaru

Annotations:
D:4 Pargi

# .. #. #.
###.##.##
........#
........##
.......$.
........#
.......<####
......††@Z.#
.......###.....#
....... ##..#
....... .
....... #######


You could see a wyvern zombie.


Message History

The quokka closely misses you.
You barely miss the quokka. The quokka bites you.
The necrophage hits you but does no damage.
You hit the quokka. The quokka barely misses you.
The necrophage closely misses you.
You hit the quokka but do no damage. The quokka closely misses you.
The necrophage hits you but does no damage.
The quokka bites you but does no damage.
You hit the quokka.
You kill the quokka!
Trog accepts your kill. The necrophage misses you.
You slash the necrophage!
The necrophage hits you but does no damage.
You hit the necrophage but do no damage.
The necrophage barely misses you.
You hit the necrophage but do no damage.
The necrophage hits you.
* * * LOW HITPOINT WARNING * * *
😨 HP[-3]
You take 3 damage, and now have 19/41 hp.
Unknown command.
Okay, then.
A wyvern zombie comes into view. 😨 HP[+1]
Your skin crawls.
You feel strong-willed. The necrophage hits you.
* * * LOW HITPOINT WARNING * * *
You completely miss the necrophage. The necrophage hits you.
* * * LOW HITPOINT WARNING * * *
😨 HP[-1]
You take 1 damage, and now have 19/41 hp.
You hit the necrophage.
The necrophage hits you but does no damage. 😨 HP[+1]
You closely miss the necrophage.
The necrophage hits you but does no damage.
The necrophage misses you. 😮 HP[+1]
You barely miss the necrophage.
The wyvern zombie bites you but does no damage.
The wyvern zombie closely misses you. The necrophage misses you. 😮 HP[+2]
You regained 2 hp, and now have 23/41 hp.
You barely miss the necrophage. The wyvern zombie barely misses you.
The necrophage hits you but does no damage. 😮 HP[+1]
You hit the necrophage but do no damage.
The wyvern zombie bites you but does no damage.
The necrophage hits you.
* * * LOW HITPOINT WARNING * * *
😨 HP[-4]
You take 4 damage, and now have 20/41 hp.
You slash the necrophage!
You feel the effects of Trog's Hand fading.
The wyvern zombie bites you.
* * * LOW HITPOINT WARNING * * *
The necrophage hits you but does no damage.
The wyvern zombie bites you but does no damage. 😨 HP[-5]
You take 5 damage, and now have 15/41 hp.
You closely miss the necrophage.
The wyvern zombie bites you but does no damage.
The necrophage hits you.
* * * LOW HITPOINT WARNING * * *
😨 HP[-1]
You take 1 damage, and now have 14/41 hp.
You hit the necrophage. The wyvern zombie barely misses you.
The necrophage completely misses you. 😨 HP[+2]
You regained 2 hp, and now have 16/41 hp.
You hit the necrophage. The wyvern zombie barely misses you.
The necrophage closely misses you.
The wyvern zombie barely misses you. 😨 HP[+1]
You barely miss the necrophage.
The wyvern zombie bites you but does no damage.
The necrophage hits you.
* * * LOW HITPOINT WARNING * * *
😨 HP[-1]
You take 1 damage, and now have 16/41 hp.
You slash the necrophage!
You destroy the necrophage!
Trog accepts your kill.
Your skin stops crawling.
You feel less strong-willed. The wyvern zombie bites you.
* * * LOW HITPOINT WARNING * * *
The wyvern zombie closely misses you.
Your Throwing skill increases to level 3!
You have reached level 6! 😨 HP[-1] MP[+1]
You now have 47 max hp (+6).
Your mp is fully restored (6).
You barely miss the wyvern zombie. The wyvern zombie bites you.
* * * LOW HITPOINT WARNING * * *
😱 HP[-4]
You take 4 damage, and now have 11/47 hp.
You hit the wyvern zombie. The wyvern zombie barely misses you.
You hit the wyvern zombie but do no damage.
The wyvern zombie bites you!
You die...

Skill      XL: |  1  2  3  4  5 |
---------------+----------------+-----
Long Blades    | 3 4 |  4.5
Throwing       | 1 2 3 |  3.0
Fighting       | |  3.0
Armour         | |  1.5
Dodging        | |  1.5

Action                   |  1- 3 |  4- 6 || total
-------------------------+-------+-------++-------
Melee: Falchion          |   121 |   193 ||   314
Invok: Trog's Hand       |     2 |     1 ||     3
 Stab: Sleeping          |       |     1 ||     1
Armor: Animal skin       |    45 |    25 ||    70
       Ring mail         |       |    86 ||    86
Dodge: Dodged            |   113 |   167 ||   280

Levels and vault maps discovered:
D:1:      dpeg_arrival_rhombus, layout_basic,
          hellmonk_ecumenical_altar_lost_god, serial_co_window_serial,
          co_window_cross_1, co_window_corner_a, co_window_paths_a,
          co_window_corner_a, co_window_paths_a, co_window_unsneaky_path_c,
          co_window_2corner, co_window_corner_cb, co_window_4corner_a,
          glass_columns_a, glass_columns_a, glass_columns_a, glass_columns_a
D:2:      layout_rooms, basic_altar, lexackson_kobold_supper, uniq_robin
D:3:      layout_basic
D:4:      layout_rooms, marbit_many_paths, uniq_pargi
D:5:      layout_rooms, nicolae_tso_carved_into_rock,
          minmay_temple_entry_crystal_x, gup_sewer_entry_bowl, serial_shops,
          shop

Notes
Turn   | Place    | Note
-------+----------+-------------------------------------------
     0 | D:1      | spaghetti the Mummy Berserker began the quest for the Orb.
     0 | D:1      | Reached XP level 1. HP: 18/18 MP: 1/1
     0 | D:1      | magus.rc [v1.9.6]
   134 | D:1      | You pick up a book of Frost {forbidden} and begin
                  | reading...
   134 | D:1      | You add the spells Freeze, Frozen Ramparts and Hailstorm to
                  | your library.
   290 | D:1      | You pick up a book of Debilitation {forbidden} and begin
                  | reading...
   290 | D:1      | You add the spells Slow, Vampiric Draining and Confusing
                  | Touch to your library.
   412 | D:1      | Reached skill level 3 in Long Blades
   412 | D:1      | Reached XP level 2. HP: 22/24 MP: 2/2
   514 | D:1      | Found a faded altar of an unknown god.
   658 | D:1      | You pick up a book of Flames {forbidden} and begin
                  | reading...
   658 | D:1      | You add the spells Foxfire, Conjure Flame, Inner Flame and
                  | Flame Wave to your library.
  1277 | D:2      | You pick up a book of Geomancy {forbidden} and begin
                  | reading...
  1277 | D:2      | You add the spells Sandblast, Passwall and Stone Arrow to
                  | your library.
  1316 | D:2      | Reached ** piety under Trog
  1317 | D:2      | Reached XP level 3. HP: 29/29 MP: 3/3
  1324 | D:2      | Noticed Robin
  1650 | D:1      | Reached skill level 1 in Throwing
  1760 | D:2      | HP: 4/29 [Robin (4)]
  1762 | D:2      | Killed Robin
  1901 | D:2      | Reached XP level 4. HP: 31/35 MP: 4/4
  1945 | D:2      | You pick up a book of Weapons {forbidden} and begin
                  | reading...
  1945 | D:2      | You add the spells Portal Projectile and Excruciating
                  | Wounds to your library.
  1997 | D:2      | Found an iron altar of Okawaru.
  2762 | D:3      | Reached skill level 2 in Throwing
  2928 | D:3      | Reached skill level 4 in Long Blades
  2928 | D:3      | Reached XP level 5. HP: 19/41 MP: 5/5
  3851 | D:3      | Reached *** piety under Trog
  4076 | D:4      | Noticed Pargi
  4136 | D:4      | Noticed a phantom
  4167 | D:5      | Entered Level 5 of the Dungeon
  4167 | D:5      | Noticed a necrophage
  4189 | D:5      | Killed a necrophage
  4190 | D:5      | Reached skill level 3 in Throwing
  4190 | D:5      | Reached XP level 6. HP: 15/47 MP: 6/6
  4190 | D:5      | HP: 11/47 [wyvern zombie (4)]
  4192 | D:5      | Slain by a wyvern zombie

Vanquished Creatures
  A necrophage (D:5)
  A hound (D:3)
  Robin (D:2)
  3 gnolls (D:3)
  3 adders
  2 worms (D:2)
  3 dart slugs
  7 bats
  3 endoplasms
  2 giant cockroaches
  12 goblins
  6 hobgoblins
  4 jackals (D:3)
  2 quokkas
  6 ball pythons
  4 frilled lizards
  10 kobolds
  8 rats
78 creatures vanquished.

Vanquished Creatures (others)
  8 plants (D:2)
8 creatures vanquished.

Grand Total: 86 creatures vanquished

Table legend:
 A = Non-vault XP
 B = Vault XP
 C = Vault XP percentage of total XP
 D = Non-vault monster count
 E = Vault monster count
 F = Vault count percentage of total count
                 A         B        C        D         E       F
            +---------+---------+-------+---------+---------+-------
      Total |     340 |      48 |  12.4 |      57 |      21 |  26.9
            +---------+---------+-------+---------+---------+-------
        D:1 |      45 |      16 |  26.2 |      23 |       9 |  28.1
        D:2 |      25 |      32 |  56.1 |       9 |      12 |  57.1
        D:3 |     142 |       0 |   0.0 |      22 |       0 |   0.0
        D:4 |       2 |       0 |   0.0 |       1 |       0 |   0.0
        D:5 |     126 |       0 |   0.0 |       2 |       0 |   0.0
            +---------+---------+-------+---------+---------+-------

Illustrated notes

Table legend:
 A = Kills in this place as a percentage of kills in entire the game.
 B = Kills by you in this place as a percentage of kills by you in the entire game.
 C = Kills by friends in this place as a percentage of kills by friends in the entire game.
 D = Other kills in this place as a percentage of other kills in the entire game.
 E = Experience gained in this place as a percentage of experience gained in the entire game.
 F = Experience gained in this place divided by the number of levels of this place that you have seen.
                   A       B       C       D       E      F
               +-------+-------+-------+-------+-------+----------------------
         Total | 100.0 | 100.0 |   N/A |   N/A | 100.0 |  77.6
       Dungeon | 100.0 | 100.0 |   N/A |   N/A | 100.0 |  77.6
               +-------+-------+-------+-------+-------+----------------------

Table legend: (Time is in decaauts)
 A = Elapsed time spent in this place.
 B = Non-inter-level travel time spent in this place.
 C = Inter-level travel time spent in this place.
 D = Time resting spent in this place.
 E = Time spent auto-exploring this place.
 F = Levels seen in this place.
 G = Mean time per level.
                   A        B        C        D        E       F      G
               +--------+--------+--------+--------+--------+-----+--------+
         Total |   4241 |   3983 |    258 |   1085 |   2049 |   5 |  848.2 |
       Dungeon |   4241 |   3983 |    258 |   1085 |   2049 |   5 |  848.2 |
               +--------+--------+--------+--------+--------+-----+--------+

Top non-repeatable levels by time:
     D:1: 1957 daAuts
     D:3: 1107 daAuts
     D:2: 1076 daAuts
     D:4: 73 daAuts
     D:5: 26 daAuts
